 Dungeon Crawl Stone Soup version bcrawl-1.36 (webtiles) character file.

Game seed: 15431153583275807264

117455 Mrkan the Sneak (level 4, -2/34 HPs)
             Began as a Gnoll Archaeologist on Apr 17, 2022.
             Slain by an adder (3 damage)
             ... on level 3 of the Dungeon.
             The game lasted 00:03:35 (2368 turns).

Mrkan the Sneak (Gnoll Archaeologist)               Turns: 2368, Time: 00:03:35

Health: -2/34      AC: 13    Str: 14    XL:     4   Next: 68%
Magic:  5/5        EV:  5    Int: 16    God:
Gold:   167        SH:  0    Dex: 14    Spells: 5/5 levels left

rFire    . . .     SeeInvis .   a - +0 whip
rCold    . . .     Gourm    .   (no shield)
rNeg     . . .     Faith    .   w - +0 plate armour
rPois    .         Spirit   .   d - +1 hat
rElec    .         Reflect  .   (no cloak)
rCorr    .                      (no gloves)
MR       .....                  u - +1 pair of boots
Stlth    ..........             (no amulet)
HPRegen  0.11/turn              (no ring)
MPRegen  0.09/turn              (no ring)

@: lethally poisoned (-2 -> -11)
A: distributed training, fangs 1, strong nose
a: no special abilities


You were on level 3 of the Dungeon.
You were very hungry.

You visited 1 branch of the dungeon, and saw 3 of its levels.

You collected 167 gold pieces.

Inventory:

Hand Weapons
 a - a +0 whip (weapon)
 b - a +0 blowgun
Missiles
 f - 6 curare-tipped needles
 j - 117 poisoned tomahawks (quivered)
Armour
 d - a +1 hat (worn)
 u - a +1 pair of boots (worn)
 w - a +0 plate armour (worn)
Jewellery
 m - an uncursed amulet of guardian spirit {unknown}
 r - an uncursed amulet of the gourmand {unknown}
 v - an uncursed amulet of magic regeneration {unknown}
Scrolls
 g - a scroll of magic mapping
 i - 2 scrolls of identify
 k - 3 scrolls of enchant armour {unknown}
 l - 2 scrolls of fog {unknown}
 q - 2 scrolls of remove curse {unknown}
Potions
 c - a potion of invisibility {unknown}
 n - a potion of cancellation {unknown}
 o - 2 potions of curing {unknown}
 p - 2 potions of heal wounds {unknown}
 s - a potion of mutation {unknown}
 t - 2 potions of degeneration {unknown}
 z - a potion of magic {unknown}
Miscellaneous
 h - a dusty tome
Comestibles
 e - 6 rations {!d}


   Skills:
 + Level 2.8 Fighting
 + Level 1.2 Short Blades
 + Level 1.2 Long Blades
 + Level 1.2 Axes
 + Level 2.8 Maces & Flails
 + Level 1.2 Polearms
 + Level 1.2 Staves
 + Level 1.2 Slings
 + Level 1.2 Bows
 + Level 1.2 Crossbows
 + Level 1.2 Throwing
 + Level 1.2 Armour
 + Level 6.6 Dodging
 + Level 6.6 Stealth
 + Level 1.2 Shields
 + Level 1.2 Unarmed Combat
 + Level 1.2 Spellcasting
 + Level 1.0 Conjurations
 + Level 1.0 Hexes
 + Level 1.0 Charms
 + Level 1.0 Summonings
 + Level 1.0 Necromancy
 + Level 1.0 Translocations
 + Level 1.0 Transmutations
 + Level 1.0 Fire Magic
 + Level 1.0 Ice Magic
 + Level 1.0 Air Magic
 + Level 1.0 Earth Magic
 + Level 1.0 Poison Magic
 + Level 1.3 Invocations
 + Level 1.2 Evocations


You had 5 spell levels left.
You didn't know any spells.
Your spell library was empty.

Dungeon Overview and Level Annotations

Branches:
Dungeon (3/12)

Altars:
Cheibriados
Elyvilon
Lugonu


Innate Abilities, Weirdness & Mutations

Your experience applies equally to all skills.
You have very sharp teeth.
Your uncanny sense of smell can sniff out nearby items.


Message History

The adder is lightly wounded.
* * * LOW HITPOINT WARNING * * *
You feel sick. The adder bites you but does no damage.
You closely miss the adder.
The adder is lightly wounded.
* * * LOW HITPOINT WARNING * * *
You feel sick.
The adder bites you but does no damage. x2
You closely miss the adder. You bite the adder, but do no damage.
The adder is lightly wounded.
* * * LOW HITPOINT WARNING * * *
You feel sick. The adder bites you but does no damage.
You miss the adder.
The adder is lightly wounded.
* * * LOW HITPOINT WARNING * * *
You feel sick. The adder bites you but does no damage.
Your plate armour prevents you from hitting the adder.
The adder is lightly wounded.
* * * LOW HITPOINT WARNING * * *
You feel sick. The adder bites you.
You die...

#...#####....#
#...#...#..#
###.#.###<.# #...#
#..# ##.## #..# #.##
#..# ##### . #..###..#
#...##..#
#...##..#####.#......
#.###(#..@S..........#
#. #..#.##.....#####.
#.###...(# ###..#
.####..)###.# ##.#
........# #.# ..#
#######.###.# #.#
#.....# .# ###.### .#
.#


You could see an adder.

Vanquished Creatures
  A worker ant (D:3)
  An adder (D:3)
  An ooze (D:2)
  A worm (D:1)
  2 dart slugs (D:2)
  3 leopard geckos
  A giant cockroach (D:2)
  6 goblins
  8 hobgoblins
  5 jackals (D:1)
  3 kobolds
  2 quokkas (D:2)
  7 bats
  2 frilled lizards
  3 rats
46 creatures vanquished.

Notes
Turn   | Place    | Note
-------+----------+-------------------------------------------
     0 | D:1      | Mrkan the Gnoll Archaeologist began the quest for the Orb.
     0 | D:1      | Reached XP level 1. HP: 17/17 MP: 1/1
   152 | D:1      | Reached XP level 2. HP: 18/23 MP: 2/2
   551 | D:1      | Found a snail-covered altar of Cheibriados.
   579 | D:1      | Reached XP level 3. HP: 10/28 MP: 3/3
  1491 | D:2      | Reached skill level 1 in Invocations
  1887 | D:2      | Reached skill level 1 in Short Blades
  1887 | D:2      | Reached skill level 1 in Long Blades
  1887 | D:2      | Reached skill level 1 in Axes
  1887 | D:2      | Reached skill level 1 in Polearms
  1887 | D:2      | Reached skill level 1 in Staves
  1887 | D:2      | Reached skill level 1 in Slings
  1887 | D:2      | Reached skill level 1 in Bows
  1887 | D:2      | Reached skill level 1 in Crossbows
  1887 | D:2      | Reached skill level 1 in Throwing
  1887 | D:2      | Reached skill level 1 in Armour
  1887 | D:2      | Reached skill level 1 in Shields
  1887 | D:2      | Reached skill level 1 in Unarmed Combat
  1887 | D:2      | Reached skill level 1 in Spellcasting
  1887 | D:2      | Reached skill level 1 in Evocations
  1929 | D:2      | Found a corrupted altar of Lugonu.
  1969 | D:2      | Reached XP level 4. HP: 31/34 MP: 5/5
  1977 | D:2      | Found a white marble altar of Elyvilon.
  2364 | D:3      | Reached skill level 1 in Conjurations
  2364 | D:3      | Reached skill level 1 in Hexes
  2364 | D:3      | Reached skill level 1 in Charms
  2364 | D:3      | Reached skill level 1 in Summonings
  2364 | D:3      | Reached skill level 1 in Necromancy
  2364 | D:3      | Reached skill level 1 in Translocations
  2364 | D:3      | Reached skill level 1 in Transmutations
  2364 | D:3      | Reached skill level 1 in Fire Magic
  2364 | D:3      | Reached skill level 1 in Ice Magic
  2364 | D:3      | Reached skill level 1 in Air Magic
  2364 | D:3      | Reached skill level 1 in Earth Magic
  2364 | D:3      | Reached skill level 1 in Poison Magic
  2368 | D:3      | HP: 1/34 [poisoned by a worker ant]
  2368 | D:3      | Slain by an adder

Skill      XL: |  1  2  3  4 |
---------------+-------------+-----
Invocations    | 1 |  1.3
Short Blades   | 1 |  1.2
Long Blades    | 1 |  1.2
Axes           | 1 |  1.2
Polearms       | 1 |  1.2
Staves         | 1 |  1.2
Slings         | 1 |  1.2
Bows           | 1 |  1.2
Crossbows      | 1 |  1.2
Throwing       | 1 |  1.2
Armour         | 1 |  1.2
Shields        | 1 |  1.2
Unarmed Combat | 1 |  1.2
Spellcasting   | 1 |  1.2
Evocations     | 1 |  1.2
Conjurations   | 1 |  1.0
Hexes          | 1 |  1.0
Charms         | 1 |  1.0
Summonings     | 1 |  1.0
Necromancy     | 1 |  1.0
Translocations | 1 |  1.0
Transmutations | 1 |  1.0
Fire Magic     | 1 |  1.0
Ice Magic      | 1 |  1.0
Air Magic      | 1 |  1.0
Earth Magic    | 1 |  1.0
Poison Magic   | 1 |  1.0
Fighting       | |  2.8
Maces & Flails | |  2.8
Dodging        | |  6.6
Stealth        | |  6.6

Action                   |  1- 3 |  4- 6 || total
-------------------------+-------+-------++-------
Melee: Whip              |   163 |    78 ||   241
       Bite              |    12 |     8 ||    20
       Punch             |     1 |       ||     1
 Stab: Sleeping          |     8 |       ||     8
  Eat: Chunk             |     8 |     1 ||     9
Armor: Robe              |    34 |       ||    34
       Plate armour      |    43 |    66 ||   109
Dodge: Dodged            |   112 |    24 ||   136
